 Dungeon Crawl Stone Soup version 0.21.1-1-g345015f (webtiles) character file.

2085 tidbits the Magician (level 9, -10/65 HPs)
             Began as a Gnoll Ice Elementalist on Mar 24, 2018.
             Mangled by a two-headed ogre
             ... wielding a +0 giant club
              (11 damage)
             ... on level 8 of the Dungeon.
             The game lasted 00:16:43 (1757 turns).

tidbits the Magician (Gnoll Ice Elementalist)       Turns: 1757, Time: 00:16:44

Health: -10/65     AC: 12    Str: 14    XL:     9   Next: 27%
Magic:  13/18      EV: 17    Int: 20    God:
Gold:   179        SH:  0    Dex: 19    Spells: 15/21 levels left

rFire    . . .     SeeInvis .   a - +0 dagger (elec)
rCold    + . .     Gourm    .   (no shield)
rNeg     . . .     Faith    .   B - +0 robe
rPois    .         Spirit   .   (no helmet)
rElec    .         Reflect  .   (no cloak)
rCorr    .         Harm     .   G - +0 pair of gloves
MR       .....                  (no boots)
Stlth    +++.......             (no amulet)
HPRegen  0.20/turn              X - +4 ring of dexterity
MPRegen  0.16/turn              y - ring of protection from cold

@: icy armour, slow
A: distributed training, fangs 1, hooves 1, yellow scales 1, screaming 1, strong
1, strong nose
a: no special abilities


You were on level 8 of the Dungeon.
You were not hungry.

You visited 2 branches of the dungeon, and saw 9 of its levels.

You collected 179 gold pieces.

Inventory:

Hand Weapons
 a - a +0 dagger of electrocution (weapon)
   (You took it off an orc wizard on level 5 of the Dungeon)
 b - a +1 dire flail of protection
   (You took it off Edmund on level 4 of the Dungeon)
 g - a +0 dire flail
 h - a +1 shortbow of freezing
   (You took it off a centaur on level 6 of the Dungeon)
 j - a +0 short sword
 l - a +0 flail
 u - a +0 dagger
Missiles
 d - 60 stones
 i - 55 arrows
 t - 48 bolts
 v - 8 tomahawks (quivered)
Armour
 B - a +0 robe (worn)
 G - a +0 pair of gloves (worn)
Jewellery
 y - a ring of protection from cold (right hand)
   (You took it off an orc on level 6 of the Dungeon)
 X - a +4 ring of dexterity (left hand)
   (You found it on level 2 of the Dungeon)
Scrolls
 m - 2 scrolls of remove curse
 o - a scroll of fear
 q - a scroll of teleportation
 s - a scroll of enchant armour
 w - a scroll of fog
 x - 2 scrolls of enchant weapon
 A - a scroll of amnesia
Potions
 e - 2 potions of lignification {unknown}
 f - a potion of flight
 n - a potion of might {unknown}
 p - a potion of resistance
 r - a potion of curing
 z - a potion of brilliance
 C - a potion of agility {unknown}
Books
 k - a book of Frost

   Spells                             Type                      Level
   a - Freeze                         Ice                          1
   b - Throw Frost                    Conjuration/Ice              2
   c - Ozocubu's Armour               Charms/Ice                   3
   d - Throw Icicle                   Conjuration/Ice              4
   e - Summon Ice Beast               Ice/Summoning                4
Comestibles
 c - 11 rations


   Skills:
 + Level 4.0 Fighting
 + Level 4.0 Short Blades
 + Level 4.0 Long Blades
 + Level 4.0 Axes
 + Level 4.0 Maces & Flails
 + Level 4.0 Polearms
 + Level 4.0 Staves
 + Level 4.0 Slings
 + Level 4.0 Bows
 + Level 4.0 Crossbows
 + Level 4.0 Throwing
 + Level 4.0 Armour
 + Level 6.1 Dodging
 + Level 5.8 Stealth
 + Level 4.0 Shields
 + Level 4.0 Unarmed Combat
 + Level 6.5 Spellcasting
 + Level 4.0 Conjurations
 + Level 3.3 Hexes
 + Level 3.3 Charms
 + Level 3.3 Summonings
 + Level 3.3 Necromancy
 + Level 3.3 Translocations
 + Level 3.3 Transmutations
 + Level 3.3 Fire Magic
 + Level 6.4 Ice Magic
 + Level 3.3 Air Magic
 + Level 3.3 Earth Magic
 + Level 3.3 Poison Magic
 + Level 4.4 Invocations
 + Level 4.0 Evocations


You had 15 spell levels left.
You knew the following spells:

 Your Spells              Type           Power        Failure   Level  Hunger
a - Freeze                Ice            ####         1%          1    None
j - Throw Frost           Conj/Ice       ####..       1%          2    None
o - Ozocubu's Armour      Chrm/Ice       ####....     4%          3    #......


Dungeon Overview and Level Annotations

Branches:
Dungeon (8/15)             Temple (1/1) D:4
   Lair: D:8-11

Altars:
Ashenzari
Fedhas
Hepliaklqana
Kikubaaqudgha
Makhleb
Nemelex Xobeh
Okawaru
Ru
Trog
Uskayaw
Vehumet
Xom
Yredelemnul
Lugonu

Shops:
D:6 (

Annotations:
D:4 Menkaure


Innate Abilities, Weirdness & Mutations

Your experience applies equally to all skills.
You have very sharp teeth.
Your uncanny sense of smell can sniff out nearby items.
You have large cloven feet.
You are partially covered in yellow scales. (AC +2)
You occasionally shout uncontrollably at your foes.
Your muscles are strong. (Str +2)


Message History

You bite the phantom, but do no damage.
The phantom is almost destroyed.
The bullfrog skeleton barely misses you.
The phantom barely misses you.
You barely miss the phantom. Your kick misses the phantom.
The phantom is almost destroyed.
The bullfrog skeleton completely misses you.
You hit the phantom but do no damage.
The phantom is almost destroyed.
The bullfrog skeleton barely misses you.
The phantom hits you but does no damage.
You closely miss the phantom. You kick the phantom, but do no damage.
You bite the phantom, but do no damage.
The phantom is almost destroyed.
Your icy armour starts to melt.
The bullfrog skeleton barely misses you.
The phantom hits you.
You hit the phantom but do no damage. Your kick misses the phantom.
The phantom is almost destroyed.
The bullfrog skeleton hits you but does no damage.
The phantom hits you but does no damage.
You miss the phantom. You kick the phantom, but do no damage.
You bite the phantom, but do no damage.
The phantom is almost destroyed.
The bullfrog skeleton closely misses you.
The phantom hits you.
The phantom blinks!
You hit the bullfrog skeleton.
The bullfrog skeleton is lightly damaged.
The bullfrog skeleton misses you.
The bullfrog skeleton hits you but does no damage.
You hit the bullfrog skeleton.
The bullfrog skeleton is lightly damaged.
The bullfrog skeleton closely misses you.
You hit the phantom. Lightning courses through the phantom!
You destroy the phantom!
Your life force feels restored.
Your Fighting skill increases to level 4!
Your Short Blades skill increases to level 4!
Your Long Blades skill increases to level 4!
Your Axes skill increases to level 4!
Your Maces & Flails skill increases to level 4!
Your Polearms skill increases to level 4!
Your Staves skill increases to level 4!
Your Slings skill increases to level 4!
Your Bows skill increases to level 4!
Your Crossbows skill increases to level 4!
Your Throwing skill increases to level 4!
Your Armour skill increases to level 4!
Your Shields skill increases to level 4!
Your Unarmed Combat skill increases to level 4!
Your Conjurations skill increases to level 4!
Your Evocations skill increases to level 4!
The bullfrog skeleton closely misses you.
You hit the bullfrog skeleton. You kick the bullfrog skeleton.
The bullfrog skeleton is moderately damaged.
Your icy armour evaporates.
The bullfrog skeleton hits you.
You hit the bullfrog skeleton. You kick the bullfrog skeleton.
The bullfrog skeleton is heavily damaged.
The bullfrog skeleton closely misses you.
You hit the bullfrog skeleton but do no damage.
The bullfrog skeleton is heavily damaged.
The bullfrog skeleton hits you.
You hit the bullfrog skeleton. You kick the bullfrog skeleton.
The bullfrog skeleton is severely damaged.
The bullfrog skeleton barely misses you.
You hit the bullfrog skeleton but do no damage.
Lightning courses through the bullfrog skeleton!
You destroy the bullfrog skeleton!
Found a ring mail.
You see here a scroll labeled RIRUITUKKO.
As you read the scroll labeled RIRUITUKKO, it crumbles to dust.
You feel aware of your surroundings.
It was a scroll of magic mapping.
Unknown command.
You see here a ration.
c - 11 rations (gained 1)
The two-headed ogre shouts in stereo!
Casting: Ozocubu's Armour
Confirm with . or Enter, or press ? or * to list all spells.
A film of ice covers your body!
Casting: Ozocubu's Armour
Confirm with . or Enter, or press ? or * to list all spells.
Aiming: Freeze
Press: ? - help, Shift-Dir - straight line, f - two-headed ogre
Aim: a two-headed ogre, wielding a giant club and a giant spiked club You freeze the two-headed ogre.
The two-headed ogre is lightly wounded.
The two-headed ogre misses you.
The two-headed ogre hits you with a giant spiked club!
* * * LOW HITPOINT WARNING * * *
Casting: Freeze
Confirm with . or Enter, or press ? or * to list all spells.
Aiming: Freeze
Press: ? - help, Shift-Dir - straight line, f/p - two-headed ogre
Aim: a two-headed ogre, wielding a giant club and a giant spiked club (lightly wounded)
You freeze the two-headed ogre.
The two-headed ogre is moderately wounded.
The two-headed ogre hits you with a giant club!!
* * * LOW HITPOINT WARNING * * *
The two-headed ogre hits you with a giant spiked club!
You die...

###..#####....#.......
###....#...............)
#.....##............O..<
#.....#*.......,..(.....
#....##*.......,........
#....###.......,........
#...........#,,,........
#.......O...#..,........
####...@.......,........
#........##.,.......%
#........#*,,,,,,,,,,
######.###*,,,,,,,,,,
*,.# *,,,,,,,,,, *,##
*****,,,,,,
*,**********,,***
*,,,,,,,,,,,,,,,,
*********,,,,,,,,


You could see a two-headed ogre.

Vanquished Creatures
  Edmund (D:4)
  An orc warrior (D:6)
  3 sky beasts
  2 black bears (D:6)
  2 phantoms
  A centaur (D:6)
  2 ogres
  2 bullfrogs (D:6)
  3 wights (D:8)
  A crimson imp (D:6)
  3 centaur skeletons
  A hound (D:4)
  A bullfrog skeleton (D:8)
  3 jellies (D:6)
  5 orc wizards
  Terence (D:3)
  4 worker ants
  An iguana (D:4)
  A hound zombie (D:6)
  2 hound skeletons
  2 gnolls
  4 adders
  2 oozes
  An adder skeleton (D:4)
  A worm (D:3)
  A dart slug (D:1)
  A leopard gecko (D:4)
  18 orcs
  6 bats
  2 goblins
  4 hobgoblins
  14 jackals
  5 kobolds
  A quokka (D:2)
  2 ball pythons
  A quokka skeleton (D:4)
  3 rats
108 creatures vanquished.

Notes
Turn   | Place    | Note
-------+----------+-------------------------------------------
     0 | D:1      | tidbits the Gnoll Ice Elementalist began the quest for the Orb.
     0 | D:1      | Reached XP level 1. HP: 13/13 MP: 6/6
    99 | D:1      | Reached skill level 2 in Conjurations
   128 | D:1      | Reached XP level 2. HP: 19/19 MP: 7/7
   132 | D:1      | Learned a level 2 spell: Throw Frost
   258 | D:3      | Noticed Terence
   261 | D:3      | Killed Terence
   261 | D:3      | Reached skill level 5 in Spellcasting
   261 | D:3      | Reached skill level 1 in Invocations
   261 | D:3      | Reached XP level 3. HP: 25/25 MP: 6/9
   409 | D:3      | Reached skill level 1 in Fighting
   409 | D:3      | Reached skill level 1 in Short Blades
   409 | D:3      | Reached skill level 1 in Long Blades
   409 | D:3      | Reached skill level 1 in Axes
   409 | D:3      | Reached skill level 1 in Maces & Flails
   409 | D:3      | Reached skill level 1 in Polearms
   409 | D:3      | Reached skill level 1 in Staves
   409 | D:3      | Reached skill level 1 in Slings
   409 | D:3      | Reached skill level 1 in Bows
   409 | D:3      | Reached skill level 1 in Crossbows
   409 | D:3      | Reached skill level 1 in Throwing
   409 | D:3      | Reached skill level 1 in Armour
   409 | D:3      | Reached skill level 1 in Shields
   409 | D:3      | Reached skill level 1 in Unarmed Combat
   409 | D:3      | Reached skill level 1 in Evocations
   409 | D:3      | Reached XP level 4. HP: 32/32 MP: 7/11
   422 | D:3      | Learned a level 3 spell: Ozocubu's Armour
   548 | D:4      | Found a staircase to the Ecumenical Temple.
   555 | Temple   | Entered the Ecumenical Temple
   599 | D:5      | Entered Level 5 of the Dungeon
   609 | D:4      | Noticed Menkaure
   692 | D:3      | Found a basalt altar of Yredelemnul.
   702 | D:3      | Reached skill level 1 in Hexes
   702 | D:3      | Reached skill level 1 in Charms
   702 | D:3      | Reached skill level 1 in Summonings
   702 | D:3      | Reached skill level 1 in Necromancy
   702 | D:3      | Reached skill level 1 in Translocations
   702 | D:3      | Reached skill level 1 in Transmutations
   702 | D:3      | Reached skill level 1 in Fire Magic
   702 | D:3      | Reached skill level 1 in Air Magic
   702 | D:3      | Reached skill level 1 in Earth Magic
   702 | D:3      | Reached skill level 1 in Poison Magic
   762 | D:5      | Noticed a sky beast
   768 | D:5      | Killed a sky beast
   768 | D:5      | Reached XP level 5. HP: 25/37 MP: 9/12
   806 | D:6      | Reached XP level 6. HP: 26/44 MP: 4/13
   837 | D:6      | Noticed an orc warrior
   849 | D:6      | Killed an orc warrior
   849 | D:6      | Reached skill level 5 in Dodging
   849 | D:6      | Reached skill level 2 in Invocations
   854 | D:6      | Reached skill level 2 in Fighting
   854 | D:6      | Reached skill level 2 in Short Blades
   854 | D:6      | Reached skill level 2 in Long Blades
   854 | D:6      | Reached skill level 2 in Axes
   854 | D:6      | Reached skill level 2 in Maces & Flails
   854 | D:6      | Reached skill level 2 in Polearms
   854 | D:6      | Reached skill level 2 in Staves
   854 | D:6      | Reached skill level 2 in Slings
   854 | D:6      | Reached skill level 2 in Bows
   854 | D:6      | Reached skill level 2 in Crossbows
   854 | D:6      | Reached skill level 2 in Throwing
   854 | D:6      | Reached skill level 2 in Armour
   854 | D:6      | Reached skill level 2 in Shields
   854 | D:6      | Reached skill level 2 in Unarmed Combat
   854 | D:6      | Reached skill level 2 in Evocations
   883 | D:6      | Reached XP level 7. HP: 32/50 MP: 0/15
   918 | D:8      | Noticed a two-headed ogre
  1036 | D:5      | Reached skill level 3 in Conjurations
  1036 | D:5      | Reached skill level 2 in Hexes
  1036 | D:5      | Reached skill level 2 in Charms
  1036 | D:5      | Reached skill level 2 in Summonings
  1036 | D:5      | Reached skill level 2 in Necromancy
  1036 | D:5      | Reached skill level 2 in Translocations
  1036 | D:5      | Reached skill level 2 in Transmutations
  1036 | D:5      | Reached skill level 2 in Fire Magic
  1036 | D:5      | Reached skill level 2 in Air Magic
  1036 | D:5      | Reached skill level 2 in Earth Magic
  1036 | D:5      | Reached skill level 2 in Poison Magic
  1047 | D:4      | Found a radiant altar of Vehumet.
  1068 | D:4      | Gained mutation: You are partially covered in yellow scales. (AC +2) [potion of mutation]
  1068 | D:4      | Gained mutation: You occasionally shout uncontrollably at your foes. [potion of mutation]
  1068 | D:4      | Gained mutation: You have large cloven feet. [potion of mutation]
  1068 | D:4      | Gained mutation: Your muscles are strong. (Str +2) [potion of mutation]
  1081 | D:4      | Noticed Edmund
  1109 | D:4      | Killed Edmund
  1109 | D:4      | Reached skill level 5 in Stealth
  1109 | D:4      | Reached skill level 3 in Invocations
  1151 | D:4      | Reached XP level 8. HP: 38/57 MP: 0/16
  1158 | D:4      | Reached skill level 6 in Ice Magic
  1187 | D:4      | Found a blossoming altar of Fedhas.
  1332 | D:5      | Reached skill level 3 in Fighting
  1332 | D:5      | Reached skill level 3 in Short Blades
  1332 | D:5      | Reached skill level 3 in Long Blades
  1332 | D:5      | Reached skill level 3 in Axes
  1332 | D:5      | Reached skill level 3 in Maces & Flails
  1332 | D:5      | Reached skill level 3 in Polearms
  1332 | D:5      | Reached skill level 3 in Staves
  1332 | D:5      | Reached skill level 3 in Slings
  1332 | D:5      | Reached skill level 3 in Bows
  1332 | D:5      | Reached skill level 3 in Crossbows
  1332 | D:5      | Reached skill level 3 in Throwing
  1332 | D:5      | Reached skill level 3 in Armour
  1332 | D:5      | Reached skill level 3 in Shields
  1332 | D:5      | Reached skill level 3 in Unarmed Combat
  1332 | D:5      | Reached skill level 3 in Evocations
  1422 | D:6      | Reached skill level 6 in Spellcasting
  1451 | D:6      | Found Vuutuec's Weapon Emporium.
  1481 | D:6      | Found a sparkling altar of Nemelex Xobeh.
  1514 | D:6      | Found a shimmering altar of Xom.
  1566 | D:7      | Reached skill level 4 in Invocations
  1571 | D:7      | Reached skill level 3 in Hexes
  1571 | D:7      | Reached skill level 3 in Charms
  1571 | D:7      | Reached skill level 3 in Summonings
  1571 | D:7      | Reached skill level 3 in Necromancy
  1571 | D:7      | Reached skill level 3 in Translocations
  1571 | D:7      | Reached skill level 3 in Transmutations
  1571 | D:7      | Reached skill level 3 in Fire Magic
  1571 | D:7      | Reached skill level 3 in Air Magic
  1571 | D:7      | Reached skill level 3 in Earth Magic
  1571 | D:7      | Reached skill level 3 in Poison Magic
  1571 | D:7      | Reached XP level 9. HP: 48/65 MP: 4/18
  1575 | D:7      | Reached skill level 6 in Dodging
  1720 | D:8      | Reached skill level 4 in Fighting
  1720 | D:8      | Reached skill level 4 in Short Blades
  1720 | D:8      | Reached skill level 4 in Long Blades
  1720 | D:8      | Reached skill level 4 in Axes
  1720 | D:8      | Reached skill level 4 in Maces & Flails
  1720 | D:8      | Reached skill level 4 in Polearms
  1720 | D:8      | Reached skill level 4 in Staves
  1720 | D:8      | Reached skill level 4 in Slings
  1720 | D:8      | Reached skill level 4 in Bows
  1720 | D:8      | Reached skill level 4 in Crossbows
  1720 | D:8      | Reached skill level 4 in Throwing
  1720 | D:8      | Reached skill level 4 in Armour
  1720 | D:8      | Reached skill level 4 in Shields
  1720 | D:8      | Reached skill level 4 in Unarmed Combat
  1720 | D:8      | Reached skill level 4 in Conjurations
  1720 | D:8      | Reached skill level 4 in Evocations
  1757 | D:8      | HP: 1/65 [two-headed ogre/giant club (27)]
  1757 | D:8      | Mangled by a two-headed ogre

Skill      XL: |  1  2  3  4  5  6  7  8  9 |
---------------+----------------------------+-----
Conjurations   | 2 3 4 |  4.0
Spellcasting   | 5 6 |  6.5
Invocations    | 1 2 3 4 |  4.4
Fighting       | 1 2 3 4 |  4.0
Short Blades   | 1 2 3 4 |  4.0
Long Blades    | 1 2 3 4 |  4.0
Axes           | 1 2 3 4 |  4.0
Maces & Flails | 1 2 3 4 |  4.0
Polearms       | 1 2 3 4 |  4.0
Staves         | 1 2 3 4 |  4.0
Slings         | 1 2 3 4 |  4.0
Bows           | 1 2 3 4 |  4.0
Crossbows      | 1 2 3 4 |  4.0
Throwing       | 1 2 3 4 |  4.0
Armour         | 1 2 3 4 |  4.0
Shields        | 1 2 3 4 |  4.0
Unarmed Combat | 1 2 3 4 |  4.0
Evocations     | 1 2 3 4 |  4.0
Hexes          | 1 2 3 |  3.3
Charms         | 1 2 3 |  3.3
Summonings     | 1 2 3 |  3.3
Necromancy     | 1 2 3 |  3.3
Translocations | 1 2 3 |  3.3
Transmutations | 1 2 3 |  3.3
Fire Magic     | 1 2 3 |  3.3
Air Magic      | 1 2 3 |  3.3
Earth Magic    | 1 2 3 |  3.3
Poison Magic   | 1 2 3 |  3.3
Dodging        | 5 6 |  6.1
Stealth        | 5 |  5.8
Ice Magic      | 6 |  6.4

Action                   |  1- 3 |  4- 6 |  7- 9 || total
-------------------------+-------+-------+-------++-------
Melee: Short sword       |    10 |       |       ||    10
       Unarmed           |     1 |       |       ||     1
       Dagger            |     3 |     7 |    98 ||   108
       Flail             |       |     7 |       ||     7
       Bite              |       |     2 |    23 ||    25
       Punch             |       |     1 |     2 ||     3
       Dire flail        |       |       |    88 ||    88
       Kick              |       |       |    49 ||    49
Throw: Tomahawk          |       |     1 |     1 ||     2
 Cast: Freeze            |    10 |    42 |    51 ||   103
       Ozocubu's Armour  |       |       |    13 ||    13
       Throw Frost       |       |       |     8 ||     8
  Use: Scroll            |       |     6 |     4 ||    10
       Potion            |       |     4 |     3 ||     7
 Stab: Sleeping          |    10 |     4 |     5 ||    19
       Distracted        |       |       |     3 ||     3
  Eat: Ration            |       |     1 |       ||     1
Armor: Robe              |     2 |     6 |    52 ||    60
Dodge: Dodged            |    11 |    38 |   147 ||   196

Table legend:
 A = Turns spent in this place as a percentage of turns spent in the entire game.
 B = Non-inter-level travel turns spent in this place as a percentage of non-inter-level travel turns spent in the entire game.
 C = Inter-level travel turns spent in this place as a percentage of turns spent in this place.
 D = Turns resting spent in this place as a percentage of non-inter-level travel turns spent in this place.
 E = Turns spent auto-exploring this place as a percentage of non-inter-level travel turns spent in this place.
 F = Non-inter-level travel turns spent in this place divided by the number of levels of this place that you've seen.
                   A       B       C       D       E      F
               +-------+-------+-------+-------+-------+----------------------
         Total | 100.0 | 100.0 |   0.6 |   0.0 |   0.0 | 194.0
       Dungeon |  98.1 |  98.7 |   0.0 |   0.0 |   0.0 | 215.5
        Temple |   1.9 |   1.3 |  33.3 |   0.0 |   0.0 |  22.0
               +-------+-------+-------+-------+-------+----------------------

Table legend:
 A = Kills in this place as a percentage of kills in entire the game.
 B = Kills by you in this place as a percentage of kills by you in the entire game.
 C = Kills by friends in this place as a percentage of kills by friends in the entire game.
 D = Other kills in this place as a percentage of other kills in the entire game.
 E = Experience gained in this place as a percentage of experience gained in the entire game.
 F = Experience gained in this place divided by the number of levels of this place that you have seen.
                   A       B       C       D       E      F
               +-------+-------+-------+-------+-------+----------------------
         Total | 100.0 | 100.0 |   N/A |   N/A | 100.0 | 331.0
       Dungeon | 100.0 | 100.0 |   N/A |   N/A | 100.0 | 372.4
               +-------+-------+-------+-------+-------+----------------------

Vault maps used:
D:1:      minmay_arrival_plants_in_alcoves, kennysheep_doodads
D:3:      tso_oasis_becter, marbit_many_paths, yredelemnul_altar_generic,
          first_ration, uniq_terence
D:4:      lemuel_crystal_altar, kennysheep_mini_moat, lemuel_doored_altar,
          minmay_temple_entry_junction, serial_shops, shop_coins, uniq_edmund,
          uniq_menkaure
D:5:      lemuel_castle_with_subvaults
D:6:      nemelex_xobeh_ov_fountains_minmay, nicolae_qazlal_general_emergency,
          tgw_xom, serial_shops, nicolae_shop_trees
D:7:      cheibrodos_worm_habitat, zin_treasury
D:8:      hangedman_pestilent_swarm, hangedman_abyss_or_decor_stagger,
          uniq_maurice
Temple:   corrupted_temple
